AoeStats
← TIMVP

Arena

509899525Analyzed
1v1 RM · 3d ago on Sep 28, 2026· 50m 6s· 2 players
Game mode
Random Map
Map size
Tiny (2 player)
Population
200
Speed
Normal
Resources
Standard
Victory
Conquest
Starting age
Dark Age
Ending age
Imperial Age
RankedLock teamsTeams togetherTeam positionsShared explorationLock speedFull tech treeHidden civsTurbo modeCheats
Victory
Defeat
🇵🇪 Khmer · Peru
540
+16
🇵🇱 Italians · Poland
546
-16
TIMVP
6:49 Loom
13:33 Feudal Age
13:49 Feudal Age
14:00 Horse Collar
14:23 Double-Bit Axe
15:17 Wheelbarrow
16:01 Gold Mining
20:35 Castle Age
19:02 Stone Mining
21:25 Heavy Plow
29:45 Imperial Age
31:18 Gold Shaft Mining
31:04 Bow Saw
33:16 Ballistics
33:28 Scale Barding Armor
35:27 Tusk Swords
36:03 Chain Barding Armor
38:34 Chemistry
37:41 Siege Engineers
38:50 Hand Cart
39:25 Elite Ballista Elephant
40:37 Siege Engineers
42:04 Forging
43:41 Pikeman
46:40 Conscription
48:06 Iron Casting
47:32 Scale Mail Armor
48:48 Chain Mail Armor
49:18 Pikeman
mikus
7:44 Loom
10:32 Feudal Age
11:35 Double-Bit Axe
12:18 Horse Collar
13:31 Wheelbarrow
14:41 Gold Mining
22:18 Castle Age
21:43 Fletching
21:57 Padded Archer Armor
22:11 Forging
22:02 Scale Mail Armor
21:55 Arson
21:33 Man-at-Arms
23:45 Heavy Plow
24:56 Bow Saw
25:11 Fervor
26:03 Hand Cart
26:43 Stone Mining
27:04 Town Watch
30:53 Stone Shaft Mining
30:51 Bodkin Arrow
31:12 Chain Mail Armor
31:33 Iron Casting
31:14 Leather Archer Armor
34:37 Imperial Age
32:53 Ballistics
32:45 Masonry
34:10 Leather Archer Armor
34:16 Fortified Wall
34:49 Thumb Ring
35:49 Crop Rotation
36:23 Two-Man Saw
36:48 Architecture
37:21 Chemistry
36:51 Bracer
38:49 Ring Archer Armor
38:31 Squires
38:58 Conscription
39:15 Murder Holes
39:25 Town Patrol
40:29 Iron Casting
40:28 Treadmill Crane
42:57 Hoardings
44:21 Long Swordsman
46:19 Scale Barding Armor
47:15 Blast Furnace
46:30 Cavalier
47:12 Husbandry
47:24 Bloodlines
47:48 Chain Barding Armor
Connection lost

Rejoining the realm…

Still unreachable

The connection could not be restored.

Session expired

The server has moved on; the page needs a fresh start.